 Dungeon Crawl Stone Soup version 0.31-a0-263-ge8cad7f256 (webtiles) character file.

Game seed: 2616375506788037598

290 qw the Shooter (level 6, -1/37 HPs)
             Began as a Gargoyle Hexslinger on July 13, 2023.
             Slain by a gnoll
             ... wielding a +0 flail
              (8 damage)
             ... on level 4 of the Dungeon.
             The game lasted 00:01:01 (2022 turns).

qw the Shooter (Gargoyle Hexslinger)                Turns: 2022, Time: 00:01:01

Health: -1/37      AC: 12    Str: 11    XL:     6   Next: 32%
Magic:  7/7        EV: 10    Int: 14    God:
Gold:   162        SH:  0    Dex: 14    Spells: 6/7 levels left

rFire   . . .        c - +2 sling (heavy)
rCold   . . .        (no shield)
rNeg    + . .        j - +0 ring mail
rPois   inf          d - +0 helmet
rElec   +            (no cloak)
rCorr   .            m - +0 pair of gloves
SInv    +            g - +0 pair of boots
Will    .....        i - amulet of regeneration
Stlth   +            n - ring of see invisible
HPRegen 1.06/turn    (no ring)
MPRegen 0.10/turn

%: no passive effects
@: about to teleport
A: sickness immunity, AC +4, negative energy resistance 1, electricity
resistance, torment resistance 1, petrification resistance
a: no special abilities


You were on level 4 of the Dungeon.
You visited 1 branch of the dungeon, and saw 4 of its levels.

You collected 162 gold pieces.


Innate Abilities, Weirdness & Mutations

You are immune to sickness and miasma.
Your stone body is resilient. (AC +4)
You are immune to poison.
You resist negative energy. (rN+)
You are resistant to electric shocks. (rElec)
You are resistant to unholy torment.
You are immune to petrification.


   Skills:
 - Level 3.3 Fighting
 + Level 5.4 Ranged Weapons
 - Level 1.2 Armour
 - Level 1.5 Dodging
 - Level 1.0 Spellcasting
 - Level 2.6 Hexes


You had 6 spell levels left.
You knew the following spells:

 Your Spells              Type           Power      Damage    Failure   Level
a - Slow                  Hex            32%        N/A       21%         1

Your spell library contained the following spells:

 Spells                   Type           Power      Damage    Failure   Level
 Inner Flame              Hex/Fire       4%         N/A       71%         3
 Portal Projectile        Hex/Tloc       8%         N/A       71%         3
 Cause Fear               Hex            4%         N/A       90%         4

Inventory:

Hand Weapons
 c - a +2 heavy sling (weapon)
Armour
 d - a +0 helmet (worn)
 g - a +0 pair of boots (worn)
 j - a +0 ring mail (worn)
 m - a +0 pair of gloves (worn)
Jewellery
 i - an amulet of regeneration (around neck)
 n - a ring of see invisible (left hand)
Scrolls
 a - a scroll of teleportation
Potions
 b - 2 potions of curing
 e - 2 potions of might
 f - a potion of enlightenment {unknown}
 h - a potion of mutation {unknown}
 k - a potion of invisibility {unknown}
 l - 2 potions of attraction {unknown}
 o - a potion of haste {unknown}
 p - a potion of cancellation {unknown}

Dungeon Overview and Level Annotations

Branches:
Dungeon (4/15)
 Temple: D:4-7

Altars:
Nemelex Xobeh
Qazlal


Message History

Enter note:
Enter note:
Enter note:
Enter note:
Enter note:
Enter note: You shoot a sling bullet.
The sling bullet hits the gnoll!
The gnoll is severely wounded.
A gnoll comes into view. It is wielding a +0 flail.
You shoot a sling bullet. The gnoll shouts!
The sling bullet hits the gnoll!
You kill the gnoll!
A gnoll comes into view. It is wielding a +0 spear.
You shoot a sling bullet. The sling bullet hits the gnoll.
The gnoll is lightly wounded.
You shoot a sling bullet. The sling bullet hits the gnoll.
The gnoll is moderately wounded.
The gnoll hits you but does no damage.
The gnoll hits you with a +1 flail of holy wrath!
The gnoll misses you.
The gnoll hits you from afar with a +0 spear.
You shoot a sling bullet. The sling bullet hits the gnoll!
The gnoll is almost dead.
The gnoll hits you with a +0 flail. The gnoll completely misses you.
An iguana comes into view.
The gnoll hits you with a +1 flail of holy wrath.
The gnoll hits you with a +1 flail of holy wrath!
The gnoll hits you with a +0 flail. The gnoll hits you but does no damage.
2021 ||| READING 2 scrolls of teleportation.
As you read the scroll of teleportation, it crumbles to dust.
You feel strangely unstable. The gnoll hits you with a +0 flail.
The gnoll barely misses you.
The gnoll hits you with a +1 flail of holy wrath.
You shoot a sling bullet.
The sling bullet closely misses the gnoll.
The gnoll closely misses you. The gnoll hits you but does no damage.
The gnoll misses you. The gnoll closely misses you.
The gnoll hits you with a +0 flail!
You die...

.........####...##.#
.........'.........#
.........####...##.#
#.......## ##.###.#
##..)..## #.# #.##
##...## #.# ...#
##)## #.# ..# #.#
#.##..# #.# #..@g.#
####.## ####g##
......## g# ##.....#
l# ##....## .#
##...## .# .......
## ##...### .....#


You could see an iguana and 3 gnolls.

Vanquished Creatures
  2 scorpions (D:4)
  A sleepcap (D:4)
  2 gnolls
  3 adders
  A worm (D:2)
  2 dart slugs
  5 orcs
  7 ball pythons
  6 bats
  10 endoplasms
  2 giant cockroaches
  10 goblins
  5 hobgoblins
  4 jackals (D:3)
  9 kobolds
  3 quokkas
  4 frilled lizards (D:1)
  7 rats
83 creatures vanquished.

Notes
Turn   | Place    | Note
-------+----------+-------------------------------------------
     0 | D:1      | qw the Gargoyle Hexslinger began the quest for the Orb.
     0 | D:1      | Reached XP level 1. HP: 12/12 MP: 2/2
     0 | D:1      | 0 ||| qw: Version: 0.3-a-52-g30416fa
     0 | D:1      | 0 ||| qw: Game counter: 7438
     0 | D:1      | 0 ||| qw: Melee chars always use a shield: true
     0 | D:1      | 0 ||| qw: God list: Okawaru
     0 | D:1      | 0 ||| qw: Allow faded altars: false
     0 | D:1      | 0 ||| qw: Do Orc after clearing Dungeon:15 true
     0 | D:1      | 0 ||| qw: Do second Lair branch before Depths: true
     0 | D:1      | 0 ||| qw: Lair rune preference: random
     0 | D:1      | 0 ||| qw: Goals: Normal
     0 | D:1      | 0 ||| PLANNING D:1-11
   114 | D:1      | Reached XP level 2. HP: 16/16 MP: 3/3
   194 | D:1      | Reached skill level 3 in Ranged Weapons
   384 | D:1      | Reached XP level 3. HP: 21/21 MP: 4/4
   587 | D:1      | 587 ||| UPGRADING to +0 helmet.
   592 | D:1      | 592 ||| UPGRADING to +0 pair of boots.
   597 | D:1      | 597 ||| UPGRADING to +0 ring mail.
   607 | D:1      | 607 ||| DROPPING +0 robe.
   608 | D:1      | 608 ||| UPGRADING to amulet of regeneration.
   613 | D:1      | 613 ||| READING scroll labelled HUASHUSACA.
   618 | D:1      | 618 ||| READING scroll labelled DOSUANE FEERIA.
   619 | D:1      | 619 ||| READING scroll labelled GUVVI IRGHIOPP.
   620 | D:1      | 620 ||| DROPPING scroll of poison.
   694 | D:2      | Reached skill level 1 in Armour
   702 | D:2      | Reached XP level 4. HP: 26/26 MP: 5/5
  1018 | D:2      | 1018 ||| READING scroll labelled JUITUW JOEFUPHUTH.
  1019 | D:2      | 1019 ||| READING 2 scrolls labelled YMOSUJ RIOS.
  1020 | D:2      | 1020 ||| READING scroll of brand weapon.
  1020 | D:2      | 1020 ||| BRANDING +2 sling of draining.
  1021 | D:2      | 1021 ||| READING scroll labelled DESABAOREW.
  1022 | D:2      | 1022 ||| DRINKING 2 fuming grey potions.
  1089 | D:3      | Reached skill level 4 in Ranged Weapons
  1137 | D:3      | Found a sparkling altar of Nemelex Xobeh.
  1301 | D:3      | Found a stormy altar of Qazlal.
  1303 | D:3      | Noticed an earth elemental
  1304 | D:3      | Noticed a fire elemental
  1304 | D:3      | Noticed a water elemental
  1304 | D:3      | Noticed an air elemental
  1603 | D:3      | 1603 ||| UPGRADING to +0 pair of gloves.
  1608 | D:3      | 1608 ||| UPGRADING to ring of see invisible.
  1609 | D:3      | 1609 ||| DRINKING 2 coppery potions.
  1628 | D:4      | Reached XP level 5. HP: 30/30 MP: 6/6
  1659 | D:4      | Reached skill level 5 in Ranged Weapons
  1848 | D:4      | Reached skill level 3 in Fighting
  1848 | D:4      | Reached XP level 6. HP: 37/37 MP: 7/7
  2020 | D:4      | HP: 9/37 [gnoll/+0 flail (3)]
  2021 | D:4      | 2021 ||| READING 2 scrolls of teleportation.
  2022 | D:4      | Slain by a gnoll

Levels and vault maps discovered:
D:1:      dpeg_arrival_line_fractal, layout_basic, minmay_quantized
D:2:      layout_rooms
D:3:      cheibrodos_old_hovel, layout_basic, lemuel_tele_altar,
          nicolae_qazlal_style_of_elements
D:4:      layout_loops_corners, uniq_eustachio, uniq_blork_the_orc

Skill      XL: |  1  2  3  4  5 |
---------------+----------------+-----
Ranged Weapons | 3 4 5 |  5.4
Fighting       | 2 3 |  3.3
Armour         | 1 |  1.2
Dodging        | |  1.5
Spellcasting   | |  1.0
Hexes          | |  2.6

Action                     |  1- 3 |  4- 6 || total
---------------------------+-------+-------++-------
   Fire: Sling             |    93 |   145 ||   238
    Use: Scroll            |     3 |     5 ||     8
         Potion            |       |     2 ||     2
 Armour: Robe              |     8 |       ||     8
         Ring mail         |     7 |    62 ||    69
  Dodge: Dodged            |    25 |    64 ||    89

Table legend:
 A = Non-vault XP
 B = Vault XP
 C = Vault XP percentage of total XP
 D = Non-vault monster count
 E = Vault monster count
 F = Vault count percentage of total count
                 A         B        C        D         E       F
            +---------+---------+-------+---------+---------+-------
      Total |     407 |       8 |   1.9 |      77 |       6 |   7.2
            +---------+---------+-------+---------+---------+-------
        D:1 |      54 |       7 |  11.5 |      24 |       5 |  17.2
        D:2 |      51 |       0 |   0.0 |      14 |       0 |   0.0
        D:3 |      44 |       1 |   2.2 |      23 |       1 |   4.2
        D:4 |     258 |       0 |   0.0 |      16 |       0 |   0.0
            +---------+---------+-------+---------+---------+-------
